 Dungeon Sprint DCSS version 0.16-a0-3841-g2612308 (webtiles) character file.

370 PolkaDot the Martial Artist (level 6, 12/60 HPs)
             Began as a Draconian Transmuter on Jan 30, 2015.
             Quit the game in the Dungeon (Sprint II: "The Violet Keep of Menkaure").
             The game lasted 00:02:52 (242 turns).

PolkaDot the Martial Artist (Draconian Transmuter)   Turns: 242, Time: 00:02:52

Health: 12/60      AC:  6    Str: 12    XL:     6   Next: 42%
Magic:  10/10      EV: 15    Int: 14    God:
Gold:   243        SH:  0    Dex: 13    Spells: 2 memorised, 3 levels left

rFire  . . .     SeeInvis .       - Unarmed
rCold  . . .     Clarity  .     (armour unavailable)
rNeg   . . .     SustAb   .     (no shield)
rPois  .         Gourm    .     (helmet restricted)
rElec  .         Spirit   .     (no cloak)
rCorr  .         Warding  .     (no gloves)
rMut   .         NoTele   +     (no boots)
MR     .....                    (no amulet)
Stlth  +.........               (no ring)
                                (no ring)

@: very slightly contaminated, not resistant to hostile enchantments, very
unstealthy
A: unfitting armour, cold-blooded, AC +6
a: no special abilities


You were in the Dungeon.
You were not hungry.

You visited 1 branch You collected 243 gold pieces.

Inventory:

Missiles
 b - 12 arrows
Potions
 h - 2 potions of magic
Books
 d - a book of Changes

   Spells                             Type                      Level
   a - Beastly Appendage              Transmutation                1
   b - Sticks to Snakes               Transmutation                2
   c - Spider Form                    Transmutation/Poison         3
   d - Ice Form                       Ice/Transmutation            4
   e - Blade Hands                    Transmutation                5
Comestibles
 a - a bread ration
 c - 3 chunks of flesh


   Skills:
 + Level 7.2 Fighting
 - Level 6.0 Dodging
 * Level 9.2 Unarmed Combat
 - Level 2.0 Spellcasting
 + Level 5.9 Transmutations


You had 3 spell levels left.
You knew the following spells:

 Your Spells              Type           Power        Failure   Level  Hunger
a - Beastly Appendage     Trmt           ###...       2%          1    ##.....
b - Blade Hands           Trmt           ###.......   71%         5    ######.


Dungeon Overview and Level Annotations

Branches:
Dungeon (1/1)

Altars:

Shops:
D =[}:[%!?=?}!([!

Annotations:
D exclusion: oklob plant, Menkaure


Innate Abilities, Weirdness & Mutations

Your plain brown scales are hard (AC +6).
Your body does not fit into most forms of armour.
Your cold-blooded metabolism reacts poorly to cold.


Message History

2 worker ants come into view.
The worker ant twitches its antennae in your direction.
A worker ant and a siren come into view.
The siren shouts!
The siren chants a haunting song.
You easily resist.
The siren hits you from afar with a trident!
* * * LOW HITPOINT WARNING * * *
There is an open door here. 2 flying skulls come into view.
The flying skull gives a hideous shriek! x2
The siren chants a haunting song.
You are mesmerised by the siren!
A flying skull comes into view. 2 flying skulls come into view.
You break out of your daze!
The flying skull gives a hideous shriek! x3
Drink which item? (? for menu, Esc to quit)
Okay, then.
Are you sure you want to abandon this character and quit the game? (Confirm with "yes".)

§ ..§≈ ..z§§
≈##..zz
#########≈≈# 'z#
########≈≈≈.. §§
...∩.∩.#≈≈≈≈.##§##
..∩.∩..#≈≈≈≈##...##
.∩.∩...#≈≈≈≈#..#@.#
⌠.∩....#≈≈####m$.##
.∩.∩..M#≈##.###a##
..∩.∩..#≈#...##.##
...∩.∩.÷≈+.##÷.a.+
....∩.∩#≈#...##.##
▓▓▓▓▓###≈##.###'#
$D######≈≈### .#.
.$#H ##≈≈≈ . .a


You could see a siren, 4 flying skulls and 2 worker ants.

Vanquished Creatures
  4 necrophages (D)
  A crocodile (D)
5 creatures vanquished.

Notes
Turn   | Place    | Note
--------------------------------------------------------------
     0 | D        | PolkaDot, the Draconian Transmuter, began the quest for the Orb.
     0 | D        | Reached XP level 1. HP: 16/16 MP: 3/3
     1 | D        | Noticed a necrophage
     1 | D        | Noticed a necrophage
     1 | D        | Noticed a necrophage
     1 | D        | Noticed a necrophage
     9 | D        | Killed a necrophage
     9 | D        | Reached skill level 4 in Fighting
     9 | D        | Reached skill level 5 in Transmutations
     9 | D        | Reached XP level 2. HP: 18/27 MP: 4/4
     9 | D        | Reached XP level 3. HP: 22/33 MP: 6/6
     9 | D        | Reached XP level 4. HP: 26/40 MP: 7/7
    14 | D        | Killed a necrophage
    14 | D        | Reached skill level 5 in Fighting
    14 | D        | Reached skill level 6 in Unarmed Combat
    14 | D        | Reached XP level 5. HP: 26/48 MP: 9/9
    19 | D        | Killed a necrophage
    19 | D        | Reached skill level 5 in Dodging
    19 | D        | Reached skill level 7 in Unarmed Combat
    22 | D        | Killed a necrophage
    22 | D        | Reached skill level 8 in Unarmed Combat
    22 | D        | Reached XP level 6. HP: 30/57 MP: 10/10
   104 | D        | Noticed Menkaure
   116 | D        | Learned a level 5 spell: Blade Hands
   116 | D        | Found Gru Nasi's Distillery.
   116 | D        | Found Xisots' Distillery.
   116 | D        | Found Ghopsasm's Gadget Shop.
   116 | D        | Found Plog's Armour Boutique.
   116 | D        | Found Smahicosh's Magic Scroll Boutique.
   116 | D        | Found Kaceoh's Distillery.
   116 | D        | Found Schotomov's Magic Scroll Shop.
   117 | D        | Found Nifoorhu's Book Shop.
   117 | D        | Found Shieble's Antique Weapon Shop.
   118 | D        | Found Gruibad's Antique Armour Shop.
   118 | D        | Found Qaabodgh's Jewellery Boutique.
   118 | D        | Found Feclim's Gadget Boutique.
   118 | D        | Found Oxieteta's Food Boutique.
   120 | D        | Found Yplyex's Antique Armour Boutique.
   120 | D        | Found Ynudubb's Jewellery Shop.
   121 | D        | Noticed a crocodile
   121 | D        | Noticed an ice dragon
   122 | D        | Noticed an oklob plant
   139 | D        | Killed a crocodile
   139 | D        | Reached skill level 9 in Unarmed Combat
   217 | D        | Noticed a hippogriff
   237 | D        | Noticed a worker ant
   237 | D        | Noticed a worker ant
   238 | D        | Noticed a siren
   238 | D        | Noticed a worker ant
   240 | D        | Noticed a flying skull
   240 | D        | Noticed a flying skull
   241 | D        | Noticed a flying skull
   241 | D        | Noticed a flying skull
   241 | D        | Noticed a flying skull
   242 | D        | Quit the game

Action                   |  1- 3 |  4- 6 || total
-------------------------+-------+-------++-------
Melee: Unarmed           |     6 |    26 ||    32
  Use: Potion            |     1 |     3 ||     4
       Scroll            |       |     1 ||     1
